 Dungeon Crawl Stone Soup version 0.28-a0-1624-g820543e53a (webtiles) character file.

Game seed: 15608803893608704876

72 demibob the Insei (level 4, 0/35 HPs)
             Began as a Demonspawn Monk on Jan 24, 2022.
             Slain by a gnoll (1 damage)
             ... on level 2 of the Dungeon.
             The game lasted 00:02:16 (2528 turns).

demibob the Insei (Demonspawn Monk)                 Turns: 2528, Time: 00:02:17

Health: 0/35       AC:  4    Str: 13    XL:     4   Next: 6%
Magic:  4/4        EV: 12    Int: 12    God:
Gold:   79         SH:  0    Dex: 15    Spells: 3/3 levels left

rFire   . . .      SeeInvis .     - Unarmed
rCold   . . .      Faith    .   (no shield)
rNeg    . . .      Spirit   .   a - +0 robe
rPois   .          Reflect  .   (no helmet)
rElec   .          Harm     .   (no cloak)
rCorr   .          Rampage  .   (no gloves)
Will    .....                   (no boots)
Stlth   ++........              (no amulet)
HPRegen 0.11/turn               (no ring)
MPRegen 0.09/turn               (no ring)

@: brilliant
A: molten scales 1
a: no special abilities


You were on level 2 of the Dungeon.
You visited 1 branch of the dungeon, and saw 3 of its levels.

You collected 79 gold pieces.


Innate Abilities, Weirdness & Mutations

You are partially covered in molten scales. (AC +2)


   Skills:
 - Level 3.0 Fighting
 - Level 2.6 Dodging
 - Level 1.7 Stealth
 + Level 4.5 Unarmed Combat


You had 3 spell levels left.
You didn't know any spells.
Your spell library was empty.

Inventory:

Armour
 a - a +0 robe (worn)
 i - a +0 pair of gloves
Scrolls
 c - a scroll of acquirement {unknown}
 d - a scroll of fog
 h - a scroll of teleportation {unknown}
Potions
 b - a potion of resistance {unknown}
 e - 2 potions of brilliance
 f - a potion of magic {unknown}
 g - a potion of curing {unknown}
 j - 2 potions of haste {unknown}

Dungeon Overview and Level Annotations

Branches:
Dungeon (3/15)

Altars:
Trog

#.###....... #.# ######## #.#
#.. #.###### #.# #......# #.#
## ####...#.###.# .#
###............# .#
##############...............
.#
#..........g@g...#......####.
.# #.############.####...#.#
#. .# #.###### #.# ##.##.# #.
.####......# #.# ####.# #.
...##..###.# #.# ######.####.
....#..# #.# #.# #...........
.......# #.#######.#
#.####...### #...#.##
#.........# #.# #......
##.##.# ########### #.#
#...#..


You could see 2 gnolls.


Message History

You are too injured to fight recklessly!
You are too injured to fight recklessly!
You are too injured to fight recklessly!
You are too injured to fight recklessly!
You are too injured to fight recklessly!
You are too injured to fight recklessly!
You are too injured to fight recklessly!
You are too injured to fight recklessly!
Unknown command.
The gnoll barely misses you.
There is a stone staircase leading up here.
The gnoll hits you with a +0 whip.
* * * LOW HITPOINT WARNING * * *
You climb upwards.
There is a stone staircase leading down here.
You hit the gnoll.
The gnoll is severely wounded.
The gnoll hits you with a +0 whip.
* * * LOW HITPOINT WARNING * * *
The gnoll barely misses you.
You hit the gnoll but do no damage.
The gnoll is severely wounded.
The gnoll hits you with a +0 whip.
* * * LOW HITPOINT WARNING * * *
The gnoll hits you with a +0 whip.
* * * LOW HITPOINT WARNING * * *
It was a potion of brilliance.
You feel clever all of a sudden. The gnoll hits you with a +0 whip.
You die...

Skill      XL: |  1  2  3 |
---------------+----------+-----
Unarmed Combat | 3 4 |  4.5
Fighting       | |  3.0
Dodging        | |  2.6
Stealth        | |  1.7

Action                   |  1- 3 |  4- 6 || total
-------------------------+-------+-------++-------
Melee: Unarmed           |   131 |    20 ||   151
       Punch             |     5 |       ||     5
  Use: Scroll            |     3 |       ||     3
       Potion            |       |     1 ||     1
 Stab: Sleeping          |     6 |       ||     6
Armor: Robe              |    28 |     1 ||    29
Dodge: Dodged            |    72 |    10 ||    82

Levels and vault maps discovered:
D:1:      dpeg_chamrin_arrival_tetris, layout_basic
D:2:      layout_loops_ring, basic_altar, grunt_ministairs_9
D:3:      cheibrodos_greedy_goblins, layout_basic, basic_ecumenical_altar

Notes
Turn   | Place    | Note
-------+----------+-------------------------------------------
     0 | D:1      | demibob the Demonspawn Monk began the quest for the Orb.
     0 | D:1      | Reached XP level 1. HP: 18/18 MP: 1/1
    53 | D:1      | Reached skill level 3 in Unarmed Combat
   391 | D:1      | Gained mutation: You are partially covered in molten
                  | scales. (AC +2) [demonic ancestry]
   391 | D:1      | Reached XP level 2. HP: 5/24 MP: 2/2
   395 | D:1      | HP: 2/24 [goblin (4)]
  1311 | D:2      | Reached XP level 3. HP: 21/29 MP: 3/3
  1548 | D:2      | Found a bloodstained altar of Trog.
  1647 | D:2      | Reached skill level 4 in Unarmed Combat
  2425 | D:3      | Reached XP level 4. HP: 35/35 MP: 4/4
  2527 | D:2      | HP: 1/35 [gnoll (4)]
  2528 | D:2      | Slain by a gnoll

Vanquished Creatures
  2 adders
  2 dart slugs
  An orc (D:2)
  2 endoplasms
  A giant cockroach (D:1)
  11 goblins
  4 hobgoblins (D:3)
  4 jackals (D:1)
  A quokka (D:2)
  6 ball pythons
  5 bats (D:1)
  2 frilled lizards
  2 kobolds (D:1)
  2 rats
45 creatures vanquished.

Table legend: (Time is in decaauts)
 A = Elapsed time spent in this place.
 B = Non-inter-level travel time spent in this place.
 C = Inter-level travel time spent in this place.
 D = Time resting spent in this place.
 E = Time spent auto-exploring this place.
 F = Levels seen in this place.
 G = Mean time per level.
                   A        B        C        D        E       F      G
               +--------+--------+--------+--------+--------+-----+--------+
         Total |   2516 |   2461 |     55 |    357 |   1769 |   3 |  838.7 |
       Dungeon |   2516 |   2461 |     55 |    357 |   1769 |   3 |  838.7 |
               +--------+--------+--------+--------+--------+-----+--------+

Top non-repeatable levels by time:
     D:1: 1227 daAuts
     D:2: 878 daAuts
     D:3: 411 daAuts

Table legend:
 A = Non-vault XP
 B = Vault XP
 C = Vault XP percentage of total XP
 D = Non-vault monster count
 E = Vault monster count
 F = Vault count percentage of total count
                 A         B        C        D         E       F
            +---------+---------+-------+---------+---------+-------
      Total |      88 |      15 |  14.6 |      36 |       9 |  20.0
            +---------+---------+-------+---------+---------+-------
        D:1 |      34 |       0 |   0.0 |      20 |       0 |   0.0
        D:2 |      35 |       1 |   2.8 |      11 |       1 |   8.3
        D:3 |      19 |      14 |  42.4 |       5 |       8 |  61.5
            +---------+---------+-------+---------+---------+-------
